 Dungeon Crawl Stone Soup version 0.31-a0-1278-g11c5b68f87 (webtiles) character file.

Game seed: 8165833891823157552

23975 mandarbmax the Slicer (level 13, -1/67 HPs)
             Began as a Vine Stalker Fighter on Dec 17, 2023.
             Was a Follower of Uskayaw.
             Slain by a meliai
             ... wielding a +0 hand axe
              (3 damage)
             ... on level 12 of the Dungeon.
             The game lasted 00:35:28 (10819 turns).

mandarbmax the Slicer (Vine Stalker Fighter)       Turns: 10819, Time: 00:35:30

Health: -1/67      AC: 21    Str: 19    XL:     13   Next: 10%
Magic:  0/21       EV: 14    Int:  8    God:    Uskayaw [*.....]
Gold:   224        SH:  0    Dex: 25    Spells: 22/22 levels left

rFire   . . .        K - +4 rapier (vamp)
rCold   + . .        c - +0 buckler
rNeg    . . .        L - +1 plate armour {rPois}
rPois   +            d - +2 helmet
rElec   .            (no cloak)
rCorr   .            (no gloves)
SInv    .            x - +3 pair of mountain boots {steadfast, rC+}
Will    +....        J - amulet of faith Stlth
                     O - +5 ring of evasion
HPRegen 1.11/turn    N - +6 ring of dexterity
MPRegen 0.17/turn

%: guardian spirit, faith
@: confused, ambrosia-drunk
A: fangs 3, regeneration 1, magic shield, antimagic bite, no potion heal 2
a: Renounce Religion, Stomp


You were on level 12 of the Dungeon.
You worshipped Uskayaw.
Uskayaw was aware of your devotion.
You visited 2 branches of the dungeon, and saw 13 of its levels.
You also visited: Sewer, Ossuary and Bailey.

You collected 624 gold pieces.
You spent 400 gold pieces at shops.

Inventory:

Hand Weapons
 o - a +3 dagger of electrocution
 K - a +4 vampiric rapier (weapon)
Armour
 c - a +0 buckler (worn)
 d - a +2 helmet (worn)
 x - the +3 pair of mountain boots (worn) {steadfast, rC+}
   (You found it on level 5 of the Dungeon)

   Steadfast: It prevents involuntary movement, except for blinking,
   teleportation, or banishment.
   rC+:       It protects you from cold.
 L - a +1 plate armour of poison resistance (worn)
Jewellery
 g - a ring of resist corrosion
 B - a ring of positive energy
 C - a ring of protection from fire
 J - an amulet of faith (around neck)
 M - the amulet of Qayptiuj {Reflect rPois rC+ Dex+8 SH+5 Stlth-}
   (You found it on level 9 of the Dungeon)

   [amulet of reflection]

   Reflect:   It reflects blocked missile attacks.
   Dex+8:     It affects your dexterity (+8).
   rC+:       It protects you from cold.
   rPois:     It protects you from poison SH+5: It affects your SH (+5).
   Stlth-:    It makes you less stealthy.
 N - a +6 ring of dexterity (right hand)
 O - a +5 ring of evasion (left hand)
Wands
 b - a wand of iceblast (5)
 H - a wand of charming (12)
Scrolls
 e - a scroll of immolation
 f - 2 scrolls of silence
 i - 3 scrolls of teleportation
 j - a scroll of torment
 m - 2 scrolls of poison
 n - 3 scrolls of noise
 p - 3 scrolls of enchant armour
 t - 3 scrolls of blinking
 u - 2 scrolls of fog
 A - a scroll of summoning
Potions
 a - a potion of berserk rage
 h - a potion of mutation
 l - 3 potions of curing {unknown}
 r - 5 potions of heal wounds
 s - 2 potions of invisibility
 v - 3 potions of brilliance {unknown}
 w - a potion of might
 E - 3 potions of lignification
 G - 2 potions of resistance {unknown}
 I - a potion of cancellation {unknown}
Miscellaneous
 k - a condenser vane
 z - a box of beasts


   Skills:
 + Level 7.0 Fighting
 + Level 10.4 Short Blades
 + Level 6.5 Armour
 + Level 6.4 Dodging
 + Level 8.7 Stealth
 + Level 6.7 Shields
 - Level 5.0 Spellcasting
 * Level 8.9 Invocations


You had 22 spell levels left.
You didn't know any spells.
Your spell library contained the following spells:

 Spells                   Type           Power      Damage    Failure   Level
 Magic Dart               Conj           8%         1d3       100%        1
 Summon Small Mammal      Summ           8%         N/A       100%        1
 Call Imp                 Summ           4%         N/A       100%        2
 Ensorcelled Hibernation  Hex/Ice        4%         N/A       100%        2
 Passwall                 Tmut/Erth      1%         N/A       100%        2
 Sublimation of Blood     Necr           2%         N/A       100%        2
 Call Canine Familiar     Summ           2%         N/A       100%        3
 Dazzling Flash           Conj/Hex       4%         N/A       100%        3
 Gell's Gravitas          Tloc           2%         N/A       100%        3
 Mephitic Cloud           Conj/Pois/Air  2%         N/A       100%        3
 Ozocubu's Armour         Ice            2%         N/A       100%        3
 Summon Guardian Golem    Hex/Summ       2%         N/A       100%        3
 Swiftness                Air            2%         N/A       100%        3
 Teleport Other           Tloc           2%         N/A       100%        3
 Volatile Blastmotes      Fire/Tloc      4%         2d10      100%        3
 Petrify                  Tmut/Erth      2%         N/A       100%        4
 Irradiate                Conj/Tmut      1%         3d12      100%        5
 Metabolic Englaciation   Hex/Ice        1%         N/A       100%        5
 Dispersal                Tloc           1%         N/A       100%        6
 Simulacrum               Ice/Necr       1%         N/A       100%        6
 Starburst                Conj/Fire      1%         6d3       100%        6
 Maxwell's Capacitive Co  Air            1%         ∞         100%        8


Dungeon Overview and Level Annotations

Branches:
Dungeon (12/15)            Temple (1/1) D:6            Lair (0/5) D:10
    Orc (0/2) D:12          Sewer (visited)         Ossuary (visited)
 Bailey (visited)

Altars:
Ashenzari
Cheibriados
Dithmenos
Elyvilon
Fedhas
Gozag
Hepliaklqana
Kikubaaqudgha
Makhleb
Nemelex Xobeh
Okawaru
Qazlal
Ru
Sif Muna
Trog
Uskayaw
Vehumet
Wu Jian
Xom
Yredelemnul
Zin
The Shining One

Shops:
D:2 =(   D:4 *   D:5 (   D:7 (

Annotations:
D:2 1 runed translucent door, Crazy Yiuf
D:9 2 transporters


Innate Abilities, Weirdness & Mutations

You have razor-sharp teeth.
Your natural rate of healing is unusually fast.
When hurt, damage is shared between your health and your magic reserves.
Your bite disrupts and absorbs the magic of your enemies.
Potions cannot restore your health.


Message History

You hear an angry buzzing noise.
A meliai comes into view. It is wielding a +0 hand axe.
An orc warrior comes into view. It is wielding a +0 war axe.
The meliai barely misses you. You block the meliai's attack.
The orc warrior shouts!
Found a scroll of identify and a scroll of teleportation.
The orc shouts loudly.
The meliai hits you with a +0 hand axe.
* * * LOW HITPOINT WARNING * * *
The meliai stings you but does no damage.
The meliai invokes the aid of its god against you.
Something smites you!
* * * LOW HITPOINT WARNING * * *
The meliai hits you with a +0 hand axe!
* * * LOW HITPOINT WARNING * * *
The meliai stings you but does no damage.
Things that are here:
a +0 giant club; a +0 giant club; a two-headed ogre corpse Unknown command.
The meliai attacks as it pursues you! The meliai hits you with a +0 hand axe.
* * * LOW HITPOINT WARNING * * *
The meliai completely misses you. The meliai hits you but does no damage.
The meliai barely misses you. The meliai closely misses you.
You block the meliai's attack.
You can no longer pass through a line of other dancers.
The meliai mumbles some strange prayers to its god against you.
Something smites you!
* * * LOW HITPOINT WARNING * * *
The meliai hits you with a +0 hand axe.
* * * LOW HITPOINT WARNING * * *
The meliai closely misses you. You block the meliai's attack.
The meliai closely misses you.
You are confused.
Your system rejects the healing.
You feel invigorated. The meliai hits you but does no damage.
The meliai stings you but does no damage.
The meliai hits you but does no damage. The meliai stings you.
* * * LOW HITPOINT WARNING * * *
The meliai closely misses you. x2; The meliai hits you with a +0 hand axe.
You die...

...8.# #.# #..# ......# #.#
#..# ..##... #.# #..# .##
#######+# #.# #..# ....##
#.#########..# ## #...###
#............# ##.?##o...##
#............#
+.?..o.8..y###............#
## #.o.yy@....#########.#
.## #...######..# #.# ..###
......## #..# #.#
....######### #..# #.#
......# #. #..# .# ......#
#.######..# ......#
#.........# ......#
#^.#####..# ......# #..#
#..#


You could see 2 orc warriors, 3 meliai and an orc.

Vanquished Creatures
  Erolcha (D:12)
  A hydra (D:9)
  A centaur warrior (D:9)
  A boulder beetle (D:12)
  3 two-headed ogres
  Amaemon (D:8)
  An orc knight (Bailey)
  Pikel (D:4)
  6 deep elf pyromancers
  A wolf spider (D:9)
  An ugly thing (D:10)
  6 deep elf zephyrmancers
  2 cyclopes (D:9)
  An unseen horror (D:12)
  A kobold demonologist (D:11)
  An orange demon (D:8)
  Maggie (D:7)
  A rime drake (shapeshifter) (D:9)
  A troll (D:10)
  A polar bear (shapeshifter) (D:10)
  3 polar bears (D:9)
  Grinder (D:4)
  2 hornets (D:10)
  A shadow (D:10)
  16 yaks
  A wyvern (D:8)
  A basilisk (D:12)
  A steam dragon (D:8)
  4 vampire mosquitoes (D:11)
  An acid dragon (D:11)
  7 orc warriors
  6 water moccasins
  3 black bears
  An ice beast (D:9)
  2 lemures (D:4)
  2 ogres (D:5)
  5 centaurs
  8 bullfrogs
  2 kobold brigands (D:10)
  3 scorpions
  5 wights (D:8)
  15 killer bees
  4 howler monkeys
  2 gnoll boudas
  4 jellies
  A spectral scorpion (Ossuary)
  6 orc priests
  3 hounds
  2 iguanas
  9 orc wizards
  2 crocodile zombies (Ossuary)
  A bullfrog simulacrum (Ossuary)
  A centaur simulacrum (D:9)
  A mummy (Ossuary)
  Robin (D:3)
  9 gnolls
  18 adders
  A shadow imp (D:5)
  6 white imps
  An ufetubus (D:5)
  6 spectral adders (Ossuary)
  2 worms (D:2)
  A dart slug (D:4)
  5 adder simulacra (Ossuary)
  44 orcs
  A spectral bat (Ossuary)
  4 endoplasms
  13 giant cockroaches
  10 gnoll zombies (Ossuary)
  18 goblins
  17 hobgoblins
  18 kobolds
  5 quokkas
  10 ball pythons
  6 bats
  2 bat simulacra (Ossuary)
  7 frilled lizards
  6 goblin zombies (Ossuary)
  6 hobgoblin zombies (Ossuary)
  2 jackal simulacra (Ossuary)
  2 kobold simulacra (Ossuary)
  3 kobold zombies (Ossuary)
  3 orc zombies (Ossuary)
  5 rats
  2 spectral jackals (Ossuary)
  2 spectral kobolds (Ossuary)
395 creatures vanquished.

Vanquished Creatures (others)
  A kobold brigand (D:11)
  An orc wizard (D:10)
2 creatures vanquished.

Grand Total: 397 creatures vanquished

Notes
Turn   | Place    | Note
-------+----------+-------------------------------------------
     0 | D:1      | mandarbmax the Vine Stalker Fighter began the quest for the
                  | Orb.
     0 | D:1      | Reached XP level 1. HP: 11/11 MP: 2/2
   127 | D:1      | Reached skill level 2 in Short Blades
   140 | D:1      | Reached XP level 2. HP: 16/16 MP: 3/3
   640 | D:2      | Reached XP level 3. HP: 19/19 MP: 4/4
   697 | D:2      | Found a white marble altar of Elyvilon.
   846 | D:2      | Found Ymeyxtuc's Jewellery Emporium.
   953 | D:2      | Reached XP level 4. HP: 24/24 MP: 5/5
   985 | D:2      | Reached skill level 3 in Short Blades
   999 | D:2      | Found Ismag's Antique Weapon Emporium.
  1345 | D:2      | Found a runed translucent door.
  1346 | D:2      | Noticed Crazy Yiuf
  1912 | D:3      | Noticed Robin
  1928 | D:3      | Reached XP level 5. HP: 3/28 MP: 0/6
  1945 | D:3      | Killed Robin
  1946 | D:3      | Reached skill level 4 in Short Blades
  2357 | D:4      | Identified the +10 mace "Jixoceox" {holy, rN+ rCorr Dex+3
                  | SInv}
  2451 | D:4      | Noticed Grinder
  2452 | D:4      | Found Pixifom's Assorted Antiques.
  2476 | D:4      | Killed Grinder
  2477 | D:4      | Reached skill level 6 in Short Blades
  2477 | D:4      | Reached XP level 6. HP: 32/32 MP: 7/7
  2531 | D:4      | Reached XP level 7. HP: 34/36 MP: 8/8
  2556 | D:4      | Reached skill level 1 in Spellcasting
  2645 | D:4      | Noticed Pikel
  2660 | D:4      | Killed Pikel
  2661 | D:4      | Reached skill level 7 in Short Blades
  2661 | D:4      | Gained mutation: You have razor-sharp teeth. [Vine Stalker
                  | growth]
  2661 | D:4      | Reached XP level 8. HP: 33/40 MP: 10/13
  2812 | D:4      | Reached skill level 1 in Dodging
  2833 | D:4      | Found a glowing drain.
  2840 | Sewer    | Entered a sewer
  2846 | Sewer    | Reached skill level 8 in Short Blades
  3389 | D:5      | Entered Level 5 of the Dungeon
  3472 | D:5      | Reached skill level 9 in Short Blades
  3472 | D:5      | Reached XP level 9. HP: 41/44 MP: 14/14
  3555 | D:5      | Found the +3 pair of mountain boots {steadfast, rC+}
  3629 | D:5      | Found Leuxt's Weapon Emporium.
  4048 | D:5      | Found a sparkling altar of Nemelex Xobeh.
  4151 | D:6      | Reached skill level 10 in Short Blades
  4289 | D:6      | Found a staircase to the Ecumenical Temple.
  4367 | D:6      | Reached skill level 1 in Stealth
  4417 | Temple   | Entered the Ecumenical Temple
  4487 | Temple   | Became a worshipper of Uskayaw the Reveller
  4722 | D:6      | Found a shadowy altar of Dithmenos.
  4722 | D:6      | Found a burning altar of Makhleb.
  4723 | D:6      | Found an ancient bone altar of Kikubaaqudgha.
  4973 | D:6      | Reached * piety under Uskayaw
  4978 | D:6      | Reached ** piety under Uskayaw
  5324 | D:7      | Found Naatew's Weapon Boutique.
  5396 | D:7      | Noticed Maggie
  5407 | D:7      | Reached *** piety under Uskayaw
  5408 | D:7      | Killed Maggie
  5412 | D:7      | Reached **** piety under Uskayaw
  5906 | D:8      | Found a sand-covered staircase.
  6005 | D:8      | Reached skill level 1 in Invocations
  6005 | D:8      | Reached XP level 10. HP: 34/49 MP: 11/16
  6015 | Ossuary  | Entered an ossuary
  6073 | Ossuary  | Reached ***** piety under Uskayaw
  6414 | D:8      | Noticed an orange demon
  6414 | D:8      | Noticed Amaemon
  6441 | D:8      | Killed Amaemon
  6451 | D:8      | Killed an orange demon
  6549 | D:8      | Found a bloodstained altar of Trog.
  7115 | D:9      | Reached ****** piety under Uskayaw
  7155 | D:9      | Reached skill level 5 in Stealth
  7155 | D:9      | Reached skill level 5 in Spellcasting
  7155 | D:9      | Reached XP level 11. HP: 54/54 MP: 19/19
  7424 | D:9      | Reached skill level 5 in Fighting
  7432 | D:9      | Reached skill level 5 in Invocations
  7445 | D:9      | Found a flagged portal.
  7473 | Bailey   | Entered a bailey
  7535 | Bailey   | Found a large runed translucent door.
  7535 | Bailey   | Found a large runed translucent door.
  7535 | Bailey   | Noticed an orc knight
  7536 | Bailey   | Noticed a deep elf pyromancer
  7540 | Bailey   | Killed an orc knight
  7541 | Bailey   | Reached skill level 5 in Shields
  7558 | Bailey   | Killed a deep elf pyromancer
  7799 | D:9      | Noticed a centaur warrior
  7799 | D:9      | Noticed a cyclops
  7800 | D:9      | Found a runed translucent door.
  7802 | D:9      | Noticed a deep elf pyromancer
  7802 | D:9      | Noticed an entropy weaver
  7802 | D:9      | Noticed a wolf spider
  7802 | D:9      | Noticed a cyclops
  7802 | D:9      | Noticed an eight-headed hydra
  7833 | D:9      | Found a transporter.
  7986 | D:9      | Reached skill level 5 in Armour
  8221 | D:9      | Found a transporter.
  8470 | D:2      | Bought an amulet of faith for 400 gold pieces
  8616 | D:10     | Entered Level 10 of the Dungeon
  8695 | D:9      | Killed a wolf spider
  8696 | D:9      | Reached skill level 5 in Dodging
  8698 | D:9      | Killed a centaur warrior
  8698 | D:9      | Killed a cyclops
  8698 | D:9      | Killed a cyclops
  8699 | D:9      | Identified the amulet of Qayptiuj {Reflect rPois rC+ Dex+8
                  | SH+5 Stlth-}
  8703 | D:9      | Killed an eight-headed hydra
  8705 | D:9      | Killed a deep elf pyromancer
  8710 | D:9      | Identified the +8 morningstar "Lifebane" {drain, Int+2}
  8843 | D:10     | Found a staircase to the Lair.
  8893 | D:10     | Reached XP level 12. HP: 47/60 MP: 18/20
  8904 | D:10     | Found a blossoming altar of Fedhas.
  8911 | D:10     | Noticed a two-headed ogre
  8923 | D:10     | Killed a two-headed ogre
  9847 | D:11     | Noticed a two-headed ogre
  9855 | D:11     | Killed a two-headed ogre
 10415 | D:11     | Noticed a sun demon
 10533 | D:12     | Noticed Erolcha
 10544 | D:12     | Killed Erolcha
 10545 | D:12     | Reached XP level 13. HP: 66/66 MP: 21/21
 10757 | D:12     | Found a staircase to the Orcish Mines.
 10818 | D:12     | HP: 3/67 [meliai/divine providence (6)]
 10819 | D:12     | Slain by a meliai

Illustrated notes

Levels and vault maps discovered:
D:1:      shiori_arrival_oz, layout_loops_ring
D:2:      layout_basic, basic_altar, serial_shops, shop, shop,
          minmay_misc_feat_four_crosses, minmay_tromino_mix6,
          uniq_crazy_yiuf_cottage
D:3:      layout_loops_ring, uniq_robin
D:4:      layout_loops_ring, serial_shops, shop,
          mainiacjoe_sewer_entry_somewhere_in_here_2, uniq_pikel, uniq_grinder
D:5:      layout_basic, kennysheep_mini, serial_shops, shop,
          chequers_serial_rivers_small_3, corner_web_ring, minmay_checkerbox
D:6:      layout_basic, gammafunk_temple_overflow_forgotten, temple_hall
D:7:      layout_gridville, serial_shops, nicolae_stop_n_shop_1, uniq_maggie
D:8:      layout_basic, mainiacjoe_overflow_six_doors_small,
          nicolae_ossuary_entry_ruins, uniq_amaemon
D:9:      minmay_gate_of_8, layout_basic, serial_ice, serial_ice_n,
          serial_ice_k, serial_ice_b, serial_ice_o,
          lightli_bailey_entry_fortress, kennysheep_donut, nicolae_diode_stairs
D:10:     minmay_clustersquares, layout_cave_pods, mainiacjoe_overflow_catwalk,
          due_lair_maze_entry_diamond
D:11:     layout_rooms, elves_outpost_lemuel
D:12:     layout_long_grid, david_orc_1_choice, portal_ice_cave_entry_pillars_2,
          hellmonk_guarded_unrand_cigotuvi, uniq_erolcha
Temple:   minmay_temple_bridge_d

Skill      XL: |  1  2  3  4  5  6  7  8  9 10 11 12 13 |
---------------+----------------------------------------+-----
Short Blades   | 2 3 6 7 9 10 | 10.4
Fighting       | 3 4 5 6 7 |  7.0
Shields        | 3 4 5 6 |  6.7
Armour         | 3 4 5 6 |  6.5
Spellcasting   | 3 5 |  5.0
Dodging        | 2 3 4 5 6 |  6.4
Stealth        | 3 5 6 8 |  8.7
Invocations    | 1 4 6 8 |  8.9

Action                     |  1- 3 |  4- 6 |  7- 9 | 10-12 | 13-15 || total
---------------------------+-------+-------+-------+-------+-------++-------
  Melee: Rapier            |    83 |   103 |       |    38 |    67 ||   291
         Bite              |    18 |    27 |   133 |   217 |    32 ||   427
         Dagger            |       |    35 |   420 |   550 |       ||  1005
 Invoke: Grand Finale      |       |       |       |     2 |       ||     2
  Evoke: Condenser vane    |       |       |       |     1 |       ||     1
    Use: Potion            |       |     1 |       |     4 |     1 ||     6
         Scroll            |       |       |    12 |    15 |     1 ||    28
   Stab: Paralysed         |       |       |     2 |    37 |     1 ||    40
         Sleeping          |       |       |       |     5 |       ||     5
         Invisible         |       |       |       |     3 |       ||     3
         Confused          |       |       |       |     1 |       ||     1
 Armour: Scale mail        |    51 |    87 |   180 |    56 |       ||   374
         Plate armour      |       |       |       |   261 |    65 ||   326
         Leather armour    |       |       |       |    18 |       ||    18
  Dodge: Dodged            |    31 |    58 |   111 |   180 |    29 ||   409
  Block: Buckler           |    17 |    22 |    69 |   138 |    13 ||   259

Table legend: (Time is in decaauts)
 A = Elapsed time spent in this place.
 B = Non-inter-level travel time spent in this place.
 C = Inter-level travel time spent in this place.
 D = Time resting spent in this place.
 E = Time spent auto-exploring this place.
 F = Levels seen in this place.
 G = Mean time per level.
                   A        B        C        D        E       F      G
               +--------+--------+--------+--------+--------+-----+--------+
         Total |  10476 |   9554 |    922 |    263 |   6440 |  16 |  654.8 |
       Dungeon |   9603 |   8815 |    788 |    263 |   6139 |  12 |  800.2 |
        Temple |    139 |      6 |    133 |      0 |      0 |   1 |  139.0 |
         Sewer |    269 |    269 |      0 |      0 |     61 |   1 |  269.0 |
       Ossuary |    245 |    245 |      0 |      0 |    124 |   1 |  245.0 |
        Bailey |    219 |    219 |      0 |      0 |    116 |   1 |  219.0 |
               +--------+--------+--------+--------+--------+-----+--------+

Top non-repeatable levels by time:
     D:9: 1266 daAuts
    D:10: 1106 daAuts
     D:2: 964 daAuts
     D:8: 917 daAuts
     D:6: 893 daAuts
     D:3: 819 daAuts
     D:4: 787 daAuts
     D:5: 749 daAuts
     D:7: 700 daAuts
     D:1: 630 daAuts
    D:11: 502 daAuts
   Sewer: 269 daAuts
    D:12: 264 daAuts
 Ossuary: 245 daAuts
  Bailey: 219 daAuts
